AoeStats
← Aziz

Nomad

510192642Analyzed
3v3 RM · 1d ago on Sep 29, 2026· 63m 8s· 6 players
Game mode
Random Map
Map size
210×210
Population
200
Speed
Normal
Resources
Standard
Victory
Conquest
Starting age
Dark Age
Ending age
Imperial Age
RankedLock teamsTeams togetherTeam positionsShared explorationLock speedFull tech treeHidden civsTurbo modeCheats
Victory
Defeat
🇧🇷 Persians · Brazil
687
+14
🇺🇿 Tatars · Uzbekistan
607
+17
🇷🇺 Spanish · Russia
594
+17
🇩🇪 Franks · Germany
776
-68
🇩🇪 Romans · Germany
601
-15
🇩🇪 Franks · Germany
509
-11
Aziz
17:02 Feudal Age
17:39 Loom
18:30 Wheelbarrow
18:46 Horse Collar
18:59 Gold Mining
20:44 Town Watch
22:08 Double-Bit Axe
26:06 Stone Mining
30:27 Castle Age
29:29 Fletching
30:20 Padded Archer Armor
31:58 Hand Cart
32:50 Bow Saw
32:52 Town Patrol
33:27 Bodkin Arrow
33:49 Leather Archer Armor
42:02 Husbandry
42:16 Bloodlines
42:07 Husbandry
42:28 Fishing Lines
47:27 Imperial Age
48:21 Bracer
48:52 Ring Archer Armor
48:48 Ballistics
49:30 Chemistry
48:42 Fortified Wall
48:18 Treadmill Crane
48:33 Heavy Cavalry Archer
49:25 Guilds
49:17 Caravan
50:31 Gillnets
53:03 Heavy Plow
53:50 Gold Shaft Mining
Diego-NA
7:32 Loom
19:01 Feudal Age
21:06 Wheelbarrow
31:23 Castle Age
30:32 Stone Mining
30:33 Gold Mining
32:34 Double-Bit Axe
35:45 Scale Mail Armor
35:51 Scale Barding Armor
35:48 Padded Archer Armor
35:38 Fletching
40:09 Imperial Age
38:38 Fishing Lines
42:38 Chemistry
42:13 Bow Saw
41:54 Pikeman
42:35 Squires
44:19 Conscription
43:50 Man-at-Arms
47:15 Halberdier
47:16 Long Swordsman
48:47 Bodkin Arrow
48:58 Horse Collar
50:14 Heavy Plow
51:11 Caravan
51:19 Elite Skirmisher
55:56 Capped Ram
58:43 Heavy Camel Rider
61:40 Siege Ram
Anubis
4:07 Loom
16:28 Feudal Age
17:52 Double-Bit Axe
17:49 Horse Collar
30:20 Castle Age
32:52 Bow Saw
32:45 Heavy Plow
32:38 Gold Mining
32:39 Stone Mining
41:33 Imperial Age
43:01 Wheelbarrow
43:49 Two-Man Saw
44:32 Chemistry
45:16 Ballistics
44:42 Arrowslits
46:21 Hand Cart
46:43 Murder Holes
46:59 Fortified Wall
47:01 Masonry
48:52 Forging
48:43 Scale Mail Armor
48:48 Scale Barding Armor
48:44 Padded Archer Armor
48:34 Fletching
50:15 Iron Casting
49:56 Chain Mail Armor
49:15 Elite Conquistador
50:16 Supremacy
50:33 Hoardings
50:19 Conscription
50:36 Bodkin Arrow
50:57 Leather Archer Armor
51:02 Chain Barding Armor
51:06 Onager
54:23 Blast Furnace
53:23 Bracer
53:54 Ring Archer Armor
53:54 Plate Mail Armor
63:21 Plate Barding Armor
63:17 Plate Mail Armor
63:19 Architecture
63:00 Fortified Wall
zLxgends-
23:24 Feudal Age
26:39 Fishing Lines
27:17 Double-Bit Axe
36:53 Castle Age
G!N0 C@$!N0
16:49 Feudal Age
17:26 Double-Bit Axe
17:24 Horse Collar
17:38 Gold Mining
18:31 Fishing Lines
21:48 Loom
24:04 Castle Age
23:25 Wheelbarrow
24:27 Stone Mining
26:06 Gold Shaft Mining
25:43 Bow Saw
25:56 Gillnets
27:22 Heavy Plow
29:46 Hand Cart
30:31 Bloodlines
30:21 Husbandry
30:38 Bloodlines
41:38 Ballistics
42:09 Murder Holes
42:21 Ballistas
48:40 Imperial Age
46:24 Man-at-Arms
46:25 Pikeman
47:05 Squires
48:46 Capped Ram
49:31 Halberdier
49:39 Siege Ram
51:25 Chemistry
51:44 Conscription
51:16 Cavalier
55:34 Heavy Scorpion
60:13 Conscription
60:17 Conscription
calvindukelb
21:38 Feudal Age
24:47 Fishing Lines
25:17 Town Watch
34:36 Man-at-Arms
43:28 Castle Age
49:44 Town Watch
51:46 Town Watch
51:44 Light Cavalry
52:22 Gambesons
51:58 Long Swordsman
51:59 Pikeman
53:32 Husbandry
54:55 Squires
54:46 Arson
54:34 Demolition Ship
55:38 Arson
Connection lost

Rejoining the realm…

Still unreachable

The connection could not be restored.

Session expired

The server has moved on; the page needs a fresh start.